 Dungeon Crawl Stone Soup version 0.19-a0-49-gb8736b8 (webtiles) character file.

515 M4edhros the Cleaver (level 7, 0/57 HPs)
             Began as a Minotaur Berserker on May 6, 2016.
             Was a Follower of Trog.
             Slain by a mummy (11 damage)
             ... in an ossuary.
             The game lasted 00:04:25 (915 turns).

M4edhros the Cleaver (Minotaur Berserker)            Turns: 915, Time: 00:04:26

Health: 0/57       AC:  2    Str: 21    XL:     7   Next: 0%
Magic:  6/6        EV: 12    Int:  9    God:    Trog [*.....]
Gold:   46         SH:  0    Dex: 12    Spells: 0 memorised, 6 levels left

rFire  . . .     SeeInvis .     j - +0 war axe
rCold  . . .     Gourm    .     b - +0 animal skin
rNeg   . . .     Faith    .     (no shield)
rPois  .         Spirit   .     (helmet restricted)
rElec  .         Dismiss  .     (no cloak)
rCorr  .         Reflect  .     (no gloves)
SustAt .         Harm     .     (no boots)
MR     ++...                    (no amulet)
Stlth  +.........               (no ring)
                                (no ring)

@: brilliant, exhausted, regenerating, slowed, very slow, very resistant to
hostile enchantments, very unstealthy
A: retaliatory headbutt, horns 2
a: Berserk, Burn Spellbooks, Renounce Religion


You were in an ossuary.
You worshipped Trog.
Trog was aware of your devotion.
You were very hungry.

You visited 1 branch of the dungeon, and saw 5 of its levels.
You also visited: Ossuary.

You collected 46 gold pieces.

Inventory:

Hand Weapons
 a - a +0 hand axe
 j - a +0 war axe (weapon)
Armour
 b - a +0 animal skin (worn)
Scrolls
 d - a scroll of noise {unknown}
 g - a scroll of remove curse {unknown}
 h - 2 scrolls of identify {unknown}
 i - a scroll of holy word {unknown}
 l - a scroll of enchant weapon {unknown}
Comestibles
 c - a bread ration


   Skills:
 - Level 3.6 Fighting
 + Level 9.5 Axes
 - Level 2.4 Armour
 - Level 2.1 Dodging


You had 6 spell levels left.
You didn't know any spells.

Dungeon Overview and Level Annotations

Branches:
Dungeon (5/15)
 Temple: D:4-7

Altars:
Okawaru
Trog


Innate Abilities, Weirdness & Mutations

You reflexively headbutt those who attack you in melee.
You have a pair of horns on your head.


Message History

You swing at nothing.
A mummy opens the door.
You swing at nothing.
You swing at nothing.
Your skin crawls.
You feel resistant to hostile enchantments.
You are feeling very hungry.
You can no longer call upon Trog for regeneration and protection from hostile enchantments.
The mummy hits you!
* * * LOW HITPOINT WARNING * * *
Unknown command.
Wield which item (- for none, * to show all)? (? for menu, Esc to quit)
j - a +0 war axe (weapon)
Drink which item? (? for menu, Esc to quit)
It was a potion of brilliance.
You feel clever all of a sudden. The mummy barely misses you.
You barely miss the mummy. The mummy hits you.
* * * LOW HITPOINT WARNING * * *
You barely miss the mummy. Your headbutt misses the mummy. The mummy hits you!
You die...

#### ≈#≈
##≈≈ #P≈. #
.#'#≈#≈#+#'#
n≈≈≈≈≈.....+
#+##≈##'##.#
#@M.# #.∩.#
#∩..# #####


You could see a mummy.

Vanquished Creatures
  A black bear (D:5)
  A centaur (D:5)
  An elf zombie (D:5)
  An elf skeleton (D:5)
  A scorpion (D:5)
  A bog body (Ossuary)
  A giant frog zombie (Ossuary)
  An orc priest (D:4)
  2 mummies (Ossuary)
  A hound zombie (D:5)
  A shadow imp (D:5)
  An ooze (D:1)
  An adder zombie (D:5)
  2 worms (D:5)
  3 orcs (D:4)
  A goblin (D:2)
  2 hobgoblins
  4 jackals (D:1)
  2 kobolds (D:1)
  2 bats (D:2)
  2 orc skeletons (D:5)
  An orc zombie (D:5)
  A quokka zombie (Ossuary)
  3 rats (D:5)
37 creatures vanquished.

Vanquished Creatures (others)
  A withered plant (Ossuary)
1 creature vanquished.

Grand Total: 38 creatures vanquished

Notes
Turn   | Place    | Note
--------------------------------------------------------------
     0 | D:1      | M4edhros the Minotaur Berserker began the quest for the Orb.
     0 | D:1      | Reached XP level 1. HP: 19/19 MP: 0/0
    12 | D:1      | Reached skill level 4 in Axes
    38 | D:1      | Reached XP level 2. HP: 23/26 MP: 1/1
   100 | D:2      | Found an iron altar of Okawaru.
   177 | D:4      | Reached skill level 5 in Axes
   177 | D:4      | Reached XP level 3. HP: 31/31 MP: 2/2
   226 | D:5      | Entered Level 5 of the Dungeon
   366 | D:5      | Noticed a moth of wrath
   368 | D:5      | Found a bloodstained altar of Trog.
   372 | D:5      | Reached XP level 4. HP: 39/39 MP: 3/3
   386 | D:5      | Reached skill level 6 in Axes
   387 | D:5      | Reached ** piety under Trog
   454 | D:5      | Noticed a centaur
   458 | D:5      | Killed a centaur
   458 | D:5      | Reached skill level 7 in Axes
   458 | D:5      | Reached XP level 5. HP: 16/45 MP: 4/4
   552 | D:5      | Noticed a black bear
   576 | D:5      | Killed a black bear
   576 | D:5      | Reached skill level 8 in Axes
   731 | D:5      | Reached XP level 6. HP: 35/51 MP: 5/5
   819 | D:5      | Found a sand-covered staircase.
   826 | D:5      | Reached skill level 9 in Axes
   830 | Ossuary  | Entered an ossuary
   901 | Ossuary  | Reached XP level 7. HP: 16/57 MP: 6/6
   915 | Ossuary  | Slain by a mummy

Vault maps used:
D:1:      minmay_arrival_radiant_lines
D:2:      nicolae_overflow_hidden_temple, okawaru_ov_weapons_minmay
D:3:      kennysheep_generic_room_8
D:4:      nemelex_xobeh_ov_fountains_minmay, first_bread
D:5:      lemuel_coloured_pillars_altar, gammafunk_temple_overflow_pools,
          nicolae_ossuary_entry_catacombs, tgw_trog
Ossuary:  ossuary_zaba_flooded

Skill      XL: |  1  2  3  4  5  6 |
---------------+-------------------+-----
Axes           | 4 5 7 8 9 |  9.5
Fighting       | |  3.6
Armour         | |  2.4
Dodging        | |  2.1

Action                   |  1- 3 |  4- 6 |  7- 9 || total
-------------------------+-------+-------+-------++-------
Melee: Hand axe          |    29 |    34 |       ||    63
       Headbutt          |     6 |    16 |       ||    22
       War axe           |       |    25 |     2 ||    27
Invok: Berserk           |       |     4 |       ||     4
       Trog's Hand       |       |     1 |     1 ||     2
  Use: Potion            |       |       |     1 ||     1
  Eat: Chunk             |       |     2 |       ||     2
       Beef jerky        |       |     1 |       ||     1
Armor: Animal skin       |     7 |     6 |       ||    13
Dodge: Dodged            |    20 |    28 |     1 ||    49
